 Dungeon Crawl Stone Soup version 0.31.0-32-g396128a36d (webtiles) character file.

Game seed: 18034448562333192455

2671 MollyMolluskus the Grappler (level 9, -2/65 HPs)
             Began as an Octopode Fighter on Mar 22, 2024.
             Was a Follower of Wu Jian.
             Slain by an orc warrior
             ... wielding a +0 scimitar
              (12 damage)
             ... on level 8 of the Dungeon.
             The game lasted 00:18:36 (5463 turns).

MollyMolluskus the Grappler (Octopode Fighter)      Turns: 5463, Time: 00:18:37

Health: -2/65      AC:  1    Str: 25    XL:     9   Next: 63%
Magic:  0/9        EV: 14    Int: 11    God:    Wu Jian [*.....]
Gold:   294        SH:  4    Dex: 11    Spells: 8/8 levels left

rFire   . .          .
                       - Unarmed
rCold   . . .        a - +0 buckler
rNeg    . . .        (helmet restricted)
rPois   +            e - amulet of guardian spirit
rElec   .            f - +6 ring of strength
rCorr   +            c - ring of resist corrosion
SInv    .            j - ring of poison resistance
Will    .....        (no ring)
Stlth   +++          (no ring)
HPRegen 0.30/turn    (no ring)
MPRegen 0.11/turn    (no ring)
                     (no ring)

%: guardian spirit
@: no status effects
A: almost no armour, amphibious, 8 rings, camouflage 1, gelatinous body 1,
(nimble swimmer 1), tentacles
a: Renounce Religion


You were on level 8 of the Dungeon.
You worshipped Wu Jian.
Wu Jian was aware of your devotion.
You visited 2 branches of the dungeon, and saw 9 of its levels.

You collected 294 gold pieces.

Inventory:

Missiles
 n - 2 boomerangs (quivered)
 p - 11 poisoned darts
Armour
 a - a +0 buckler (worn)
Jewellery
 c - a ring of resist corrosion (right tentacle)
 e - an amulet of guardian spirit (around mantle)
 f - a +6 ring of strength (left tentacle)
 j - a ring of poison resistance (on tentacle)
Talismans
 s - a maw talisman
 u - a serpent talisman
Wands
 m - a wand of mindburst (8)
 v - a wand of flame (8)
 w - a wand of digging (1)
Scrolls
 d - 3 scrolls of revelation
 h - a scroll of teleportation
 q - a scroll of immolation
 r - 3 scrolls of identify
Potions
 b - a potion of might
 g - 2 potions of curing
 i - a potion of enlightenment
 k - a potion of invisibility
 l - 2 potions of cancellation
 o - 2 potions of lignification
 t - 2 potions of resistance


   Skills:
 + Level 7.7 Fighting
 + Level 5.5 Dodging
 - Level 4.0 Stealth
 - Level 4.0 Shields
 + Level 9.7 Unarmed Combat
 + Level 3.1 Evocations
 * Level 3.3 Shapeshifting


You had 8 spell levels left.
You didn't know any spells.
Your spell library contained the following spells:

 Spells                   Type           Power      Damage    Failure   Level
 Cigotuvi's Dreadful Rot  Necr/Alch/Air  0%         N/A       54%         2
 Hailstorm                Conj/Ice       0%         3d5       77%         3
 Summon Ice Beast         Ice/Summ       0%         N/A       77%         3
 Tukima's Dance           Hex            0%         N/A       77%         3
 Dimensional Bullseye     Hex/Tloc       0%         N/A       99%         4
 Ignite Poison            Fire/Alch      0%         N/A       99%         4
 Iskenderun's Mystic Bla  Conj/Tloc      0%         2d3       99%         4
 Freezing Cloud           Conj/Ice/Air   0%         6-21      100%        5
 Sculpt Simulacrum        Ice/Alch       0%         N/A       100%        6


Dungeon Overview and Level Annotations

Branches:
Dungeon (8/15)             Temple (1/1) D:5
   Lair: D:8-11

Altars:
Ashenzari
Cheibriados
Fedhas
Gozag
Hepliaklqana
Kikubaaqudgha
Makhleb
Nemelex Xobeh
Okawaru
Qazlal
Ru
Sif Muna
Trog
Uskayaw
Vehumet
Wu Jian
Xom
Yredelemnul
Zin
The Shining One

Shops:
D:4 *

Annotations:
D:8 1 runed translucent door


Innate Abilities, Weirdness & Mutations

You cannot wear most types of armour.
You are amphibious.
You can wear up to eight rings at the same time.
Your skin changes colour to match your surroundings (Stealth+).
Your rubbery body absorbs attacks. (AC +1, EV +1)
((You are camouflaged when in or above water. (Stealth+)))
You have tentacles for arms and can constrict up to eight enemies at once.


Message History

The orc struggles to escape constriction.
You bludgeon the orc!
You kill the orc!
The Council accepts your kill.
You lunge at the orc warrior.
You tentacle-slap the orc warrior. You grab the orc warrior.
The orc warrior is lightly wounded.
You constrict the orc warrior, but do no damage.
The orc hits you with a +0 flail!
Things that are here:
a +0 dagger; an orc corpse; a bullfrog corpse You bludgeon the orc!
You kill the orc!
The Council accepts your kill.
You constrict the orc warrior. The orc hits you with a +0 flail!
The orc warrior hits you with a +0 scimitar!
Unknown command.
You bludgeon the orc!
You kill the orc!
The Council accepts your kill.
You constrict the orc warrior. The orc warrior closely misses you.
Unknown command.
You batter the orc!!
You kill the orc!
The Council accepts your kill.
You constrict the orc warrior, but do no damage.
The orc warrior hits you with a +0 scimitar!
Unknown command.
You tentacle-slap the orc warrior but do no damage.
You tentacle-slap the orc warrior, but do no damage.
Your squeeze misses the orc warrior.
The orc warrior is moderately wounded.
You constrict the orc warrior.
The orc warrior hits you with a +0 scimitar!
* * * LOW HITPOINT WARNING * * *
You bludgeon the orc warrior!
The orc warrior is almost dead.
You constrict the orc warrior.
The orc warrior hits you with a +0 scimitar!
You die...

#+# ####..# ###.)).#
#.##...##...@o.#
#.##...#....#).#
####...#..##...##..#
.#..#(##..#)..## ....
~+.....#..#...# .....
..#.##.##..##########
####...#.#.........
.....(.#.'.........
#####..#.##########


You could see an orc warrior.

Vanquished Creatures
  2 water moccasins
  2 black bears
  A sky beast (D:6)
  2 ice beasts
  3 centaurs (D:7)
  3 ogres
  2 kobold brigands
  5 scorpions
  2 bullfrogs
  A killer bee (D:8)
  2 howler monkeys
  A centaur zombie (D:4)
  A crimson imp (D:6)
  A jelly (D:7)
  2 orc priests (D:5)
  2 bombardier beetles (D:5)
  4 hounds
  A gnoll bouda (D:5)
  A sleepcap (D:6)
  5 iguanas
  A scorpion zombie (D:4)
  2 orc wizards (D:5)
  A hound zombie (D:4)
  5 gnolls (D:5)
  6 adders
  An adder zombie (D:4)
  A dart slug (D:3)
  23 orcs
  8 ball pythons
  4 endoplasms
  A giant cockroach (D:3)
  10 goblins
  3 hobgoblins
  12 jackals
  3 quokkas (D:1)
  2 bats
  5 frilled lizards
  8 kobolds
  5 rats
144 creatures vanquished.

Notes
Turn   | Place    | Note
-------+----------+-------------------------------------------
     0 | D:1      | MollyMolluskus the Octopode Fighter began the quest for the
                  | Orb.
     0 | D:1      | Reached XP level 1. HP: 16/16 MP: 1/1
   241 | D:1      | Reached XP level 2. HP: 21/21 MP: 2/2
   380 | D:1      | Reached skill level 1 in Stealth
   917 | D:2      | Reached skill level 7 in Unarmed Combat
   917 | D:2      | Reached XP level 3. HP: 29/30 MP: 3/3
   920 | D:2      | Reached XP level 4. HP: 35/36 MP: 4/4
  2091 | D:4      | Reached XP level 5. HP: 38/41 MP: 5/5
  2125 | D:4      | Reached skill level 8 in Unarmed Combat
  2250 | D:4      | Reached XP level 6. HP: 43/47 MP: 6/6
  2416 | D:4      | Found a basalt altar of Yredelemnul.
  2526 | D:4      | Found a transporter.
  2527 | D:4      | Found Ihisil's General Store.
  2575 | D:4      | Found a transporter.
  2621 | D:5      | Entered Level 5 of the Dungeon
  2621 | D:5      | Found a snail-covered altar of Cheibriados.
  2760 | D:5      | Reached XP level 7. HP: 45/53 MP: 7/7
  3199 | D:5      | Reached XP level 8. HP: 34/58 MP: 8/8
  3508 | D:5      | Reached skill level 9 in Unarmed Combat
  3534 | D:5      | Found a staircase to the Ecumenical Temple.
  3539 | Temple   | Entered the Ecumenical Temple
  3546 | Temple   | Became a worshipper of the Wu Jian Council
  3853 | D:6      | Found an iron altar of Okawaru.
  3853 | D:6      | Found an ancient bone altar of Kikubaaqudgha.
  3905 | D:6      | Reached skill level 1 in Evocations
  4073 | D:6      | Found a radiant altar of Vehumet.
  4074 | D:6      | Found a burning altar of Makhleb.
  4103 | D:6      | Found a hazy altar of Hepliaklqana.
  4132 | D:6      | Reached skill level 1 in Shapeshifting
  4250 | D:6      | Reached XP level 9. HP: 52/64 MP: 7/9
  4309 | D:6      | Reached skill level 5 in Dodging
  4542 | D:6      | Found a glowing silver altar of Zin.
  4568 | D:6      | Found an opulent altar of Gozag.
  4608 | D:7      | Found a sacrificial altar of Ru.
  4611 | D:7      | Reached * piety under Wu Jian
  4740 | D:7      | Found a hide-covered altar of Uskayaw.
  5434 | D:8      | Found a runed translucent door.
  5463 | D:8      | Slain by an orc warrior

Illustrated notes

Levels and vault maps discovered:
D:1:      dpeg_arrival_castle, layout_basic
D:2:      layout_loops_ring
D:3:      layout_basic
D:4:      layout_basic, nicolae_yredelemnul_corpse_copse, serial_shops,
          nicolae_shop_drivethru
D:5:      layout_rooms, cheibriados_altar_1, temple_doors_ab,
          kennysheep_generic_room_14
D:6:      layout_rooms, grunt_temple_overflow_lords_of_destruction,
          gammafunk_temple_overflow_pools, mainiacjoe_overflow_tiny_flanked,
          pdpol_temple_overflow_zin_treasury_gozag_greed
D:7:      layout_loops_ring, mainiacjoe_overflow_catwalk_spiral
D:8:      minmay_quarter_circles, layout_loops_ring,
          ebering_ghost_reflecting_pool, uniq_prince_ribbit1, uniq_pikel
Temple:   hellmonk_temple_rainy

Skill      XL: |  1  2  3  4  5  6  7  8  9 |
---------------+----------------------------+-----
Stealth        | 1 2 3 4 |  4.0
Fighting       | 6 7 |  7.7
Unarmed Combat | 7 8 9 |  9.7
Dodging        | 4 5 |  5.5
Shields        | 4 |  4.0
Evocations     | 1 3 |  3.1
Shapeshifting  | 1 3 |  3.3

Action                     |  1- 3 |  4- 6 |  7- 9 || total
---------------------------+-------+-------+-------++-------
  Melee: Unarmed           |    37 |   105 |   156 ||   298
         Constrict         |     7 |    24 |    39 ||    70
         Tentacles         |     6 |    23 |    45 ||    74
         Punch             |       |     3 |    12 ||    15
  Throw: Stone             |     2 |     4 |     1 ||     7
         Dart              |       |       |    12 ||    12
         Boomerang         |       |       |    10 ||    10
Ability: Lunge             |       |       |    21 ||    21
  Evoke: Wand              |       |       |     2 ||     2
    Use: Scroll            |     3 |    10 |     4 ||    17
         Potion            |     1 |       |       ||     1
   Stab: Sleeping          |     2 |    10 |     2 ||    14
 Armour: Skin              |    15 |    31 |    62 ||   108
  Dodge: Dodged            |     9 |    50 |    52 ||   111
  Block: Buckler           |     5 |     8 |    24 ||    37
